[Event "Team 45 45 League T48"]
[Site "Internet Chess Club"]
[Date "2011.02.20"]
[Round "2"]
[White "zepled37"]
[Black "DarkFlow"]
[Result "1-0"]
[WhiteElo "1678"]
[BlackElo "1926"]
[Opening "Scotch game"]
[ECO "C45"]
[Time "13:32:31"]
[TimeControl "2700+45"]

1. e4 e5 2. Nf3 Nc6 3. d4 exd4 4. Nxd4 Bc5 5. Be3 Qf6 6. c3 Nge7 7. Bc4 Ne5 8.
Be2 Qg6 9. O-O d6 10. f3 O-O 11. Nc2 Be6 12. Bxc5 dxc5 13. Nba3 Rad8 14. Qe1 Rd7
15. b3 f5 16. f4 Nd3 17. Bxd3 Rxd3 18. e5 Rfd8 19. Ne3 Nd5 20. Nxd5 R8xd5 21.
Nc2 Rd2 22. Rf2 Rxf2 23. Qxf2 b6 24. Ne3 Rd3 25. c4 Qe8 26. Rd1 Qd7 27. Qf1 Rd2
28. Rxd2 Qxd2 29. Qf2 Qc1+ 30. Nf1 Qd1 31. Qd2 Qxd2 32. Nxd2 Kf7 33. Kf2 a6 34.
Nf1 b5 35. Ne3 c6 36. Ke2 bxc4 37. bxc4 h6 38. h4 Kg6 39. Kd3 Kh5 40. g3 g5 41.
hxg5 hxg5 42. g4+ Kg6 43. gxf5+ Bxf5+ 44. Nxf5 Kxf5 45. fxg5 Kxe5 46. g6 Kf6 47.
Ke4 Kxg6 48. Ke5 Kf7 49. Kd6 Kf6 50. Kxc6 Ke5 51. Kxc5 {Black resigns} 1-0

[Event "Team 45 45 League T48"]
[Site "Internet Chess Club"]
[Date "2011.02.17"]
[Round "2"]
[White "Grenadier"]
[Black "bmw2002"]
[Result "1-0"]
[WhiteElo "1769"]
[BlackElo "1517"]
[Opening "Caro-Kann: Panov-Botvinnik attack, 5...e6"]
[ECO "B14"]
[Time "20:08:48"]
[TimeControl "2700+45"]

1. e4 c6 2. d4 d5 3. exd5 cxd5 4. c4 e6 5. Nc3 Nf6 6. Nf3 Nc6 7. Bd3 dxc4 8.
Bxc4 Be7 9. Bg5 a6 10. O-O O-O 11. Qd2 b5 12. Bb3 Bb7 13. Bc2 Nb4 14. Bxf6 Bxf6
15. Be4 Nd5 16. Nxd5 Bxd5 17. Rfe1 Rc8 18. b3 Qd6 19. Rad1 Rc7 20. Bb1 Rfc8 21.
Ne5 Rc3 22. Nd3 R3c7 23. Nf4 Bg5 24. Re5 f6 25. Rxg5 fxg5 26. Nd3 h6 27. Nc5 Rd7
28. Qd3 Rf7 29. Qh7+ Kf8 30. Qh8+ Ke7 31. Qxc8 Qf4 32. Qd7+ Kf6 33. Qd8+ Re7 34.
Qf8+ Rf7 35. Nd7# {Black checkmated} 1-0

[Event "Team 45 45 League T48"]
[Site "Internet Chess Club"]
[Date "2011.02.21"]
[Round "2"]
[White "BrerRabbit"]
[Black "GoIrish"]
[Result "1-0"]
[WhiteElo "1584"]
[BlackElo "1523"]
[Opening "English, 1...Nf6 (Anglo-Indian defense)"]
[ECO "A15"]
[Time "08:01:26"]
[TimeControl "2700+45"]

1. c4 Nf6 2. g3 g6 3. Bg2 Bg7 4. Nc3 O-O 5. e4 d6 6. Nge2 e5 7. O-O a5 8. d3 Na6
9. h3 Bd7 10. Be3 Nc5 11. Rc1 Nh5 12. Kh2 f5 13. exf5 gxf5 14. f4 Bc6 15. Nd5
Ne6 16. b3 Kh8 17. Nec3 Nxg3 18. Kxg3 exf4+ 19. Nxf4 Qg5+ 20. Kh2 Bxg2 21. Nxe6
Qxe3 22. Re1 Qxh3+ 23. Kg1 Rg8 24. Nxg7 Rxg7 25. Kf2 Qh4+ 26. Ke3 Re8+ 27. Kd2
Rxe1 28. Qxe1 Qxe1+ 29. Rxe1 h5 30. Re6 f4 31. Ke1 h4 32. Rf6 f3 33. Kf2 Bh1 34.
Rh6+ Rh7 35. Rg6 h3 36. Ne4 Bg2 37. Nf6 Rg7 38. Rh6+ Rh7 39. Rg6 Rg7 40. Rh6+
Rh7 41. Rxh7# {Black checkmated} 1-0

[Event "Team 45 45 League T48"]
[Site "Internet Chess Club"]
[Date "2011.02.20"]
[Round "2"]
[White "Esslinger"]
[Black "SpeedBlade"]
[Result "1/2-1/2"]
[WhiteElo "1349"]
[BlackElo "1472"]
[Opening "QGD: Chigorin defense"]
[ECO "D07"]
[Time "18:17:57"]
[TimeControl "2700+45"]

1. d4 d5 2. c4 Nc6 3. Nc3 dxc4 4. e3 e5 5. d5 Nce7 6. Bxc4 Ng6 7. Qa4+ Bd7 8.
Bb5 Nf6 9. Nf3 a6 10. Bxd7+ Nxd7 11. O-O Bd6 12. e4 h6 13. Qb3 Rb8 14. Be3 O-O
15. Rac1 Qe7 16. Qc2 Nf6 17. Na4 b5 18. Nc5 Rfc8 19. Nb3 Bb4 20. a3 Bd6 21. Na5
Qd7 22. Nc6 Rb7 23. Na5 Rbb8 24. Nc6 Rb7 25. Na5 Rbb8 26. Nc6 Rb7 27. Na5 Rbb8
28. Nc6 {Game drawn by repetition} 1/2-1/2

[Event "Team 45 45 League T48"]
[Site "Internet Chess Club"]
[Date "2011.02.18"]
[Round "2"]
[White "check-man"]
[Black "SugarIslander"]
[Result "1-0"]
[WhiteElo "1680"]
[BlackElo "1662"]
[Opening "English opening"]
[ECO "A20"]
[Time "17:00:30"]
[TimeControl "2700+45"]

1. c4 e5 2. g3 Nf6 3. Bg2 c6 4. d4 Bb4+ 5. Nc3 exd4 6. Qxd4 O-O 7. Nf3 h6 8. O-O
c5 9. Qd3 Nc6 10. Bf4 Re8 11. Nb5 Ba5 12. Nd6 Re7 13. Rfd1 Nd4 14. Nxd4 cxd4 15.
Nxb7 Bxb7 16. Bxb7 Rb8 17. Bxb8 Qxb8 18. Bf3 Bb6 19. b4 d6 20. a4 Qe8 21. a5 Bc7
22. b5 Ne4 23. b6 axb6 24. a6 Bb8 25. Bxe4 f5 26. Bd5+ Kh7 27. Qxf5+ g6 28. Qf6
Rxe2 29. a7 Rxf2 30. Qxf2 Bxa7 31. Rxa7+ Kh8 32. Qf6# {Black checkmated} 1-0

[Event "Team 45 45 League T48"]
[Site "Internet Chess Club"]
[Date "2011.02.17"]
[Round "2"]
[White "oldsj"]
[Black "rook9999"]
[Result "0-1"]
[WhiteElo "1641"]
[BlackElo "1805"]
[Opening "Sicilian: Taimanov variation"]
[ECO "B48"]
[Time "18:30:38"]
[TimeControl "2700+45"]

1. e4 c5 2. Nf3 Nc6 3. d4 cxd4 4. Nxd4 Qc7 5. Nc3 e6 6. Be3 a6 7. Qd2 Nf6 8. f3
Bb4 9. a3 Ba5 10. Nb3 Bb6 11. O-O-O Bxe3 12. Qxe3 b5 13. Bxb5 axb5 14. Nxb5 Qb8
15. Nd6+ Kf8 16. Qc5 Qa7 17. Nxc8+ Qxc5 18. Nxc5 Rxc8 19. Nxd7+ Nxd7 20. Rxd7
Ne5 21. Rb7 Nc4 22. Rd1 g6 23. Rbd7 Ke8 24. a4 Nb6 25. R7d4 Ke7 26. a5 Nc4 27.
b4 Ne3 28. R1d2 Rc7 29. R4d3 Nc4 30. Rd1 Rhc8 31. a6 Ne5 32. R3d2 Rb8 33. Rd4
Nc6 34. R4d3 Nxb4 35. Rb3 Nxa6 36. Ra3 Nb4 37. c3 Nc6 38. f4 e5 39. g3 Rd8 40.
Rd5 exf4 41. Rxd8 Kxd8 42. Ra8+ Kd7 43. gxf4 Nd4 44. Ra2 Nf3 45. Rc2 Ne1 46.
Rd2+ Ke6 47. Kb2 Rd7 48. Re2 Nd3+ 49. Kc2 Nxf4 {White resigns} 0-1

[Event "Team 45 45 League T48"]
[Site "Internet Chess Club"]
[Date "2011.02.16"]
[Round "2"]
[White "mmf00"]
[Black "Warpdrive"]
[Result "0-1"]
[WhiteElo "1905"]
[BlackElo "1598"]
[Opening "Caro-Kann: exchange variation"]
[ECO "B13"]
[Time "19:00:26"]
[TimeControl "2700+45"]

1. e4 c6 2. d4 d5 3. exd5 cxd5 4. Bd3 Nf6 5. c3 Bg4 6. Ne2 e6 7. O-O Bd6 8. Bg5
Qc7 9. h3 Bh5 10. Nd2 Nbd7 11. Qb3 Qb6 12. Qxb6 Nxb6 13. Bxf6 gxf6 14. f4 Bxe2
15. Bxe2 h5 16. Rae1 f5 17. Bd3 O-O-O 18. b3 Nd7 19. c4 Nf6 20. c5 Bc7 21. b4
Rdg8 22. Rf3 Ne4 23. Nb3 Rg7 24. Bf1 Rhg8 25. Ree3 Rg3 26. Rd3 Rxf3 27. Rxf3 Rg3
28. a4 Rxf3 29. gxf3 Ng3 30. Bb5 Kd8 31. Kf2 Bxf4 32. h4 f6 33. c6 b6 34. Bd3 e5
35. b5 e4 36. fxe4 fxe4 37. Bc2 e3+ 38. Ke1 Bc7 39. Bg6 f5 40. Nc1 f4 41. Bd3 f3
42. Nb3 f2+ 43. Kd1 f1=Q+ 44. Bxf1 Nxf1 45. Ke2 Ng3+ 46. Kxe3 Nf5+ 47. Kf3 Nxh4+
48. Kf2 Nf5 49. Kf3 Ke7 50. Kg2 h4 51. Kh3 Bg3 52. Kg4 Ne3+ 53. Kh3 Bf2 54. Nd2
Nf5 55. Nf3 Bxd4 56. Kg4 Ne3+ 57. Kxh4 Bf6+ 58. Kg3 d4 59. Kf4 Nd5+ 60. Ke4 Nc3+
61. Kd3 Nxa4 62. Kc4 Nc5 63. Nxd4 Bxd4 64. Kxd4 Kd6 65. Kc4 a5 66. bxa6 Nxa6 67.
Kb5 Kc7 68. Kc4 Kxc6 69. Kb3 Kc5 70. Kc3 b5 71. Kb3 Kd4 72. Kb2 Kc4 73. Kc2 Nc5
74. Kb2 b4 75. Kc2 Na4 76. Kb1 Kc3 77. Kc1 Kb3 78. Kb1 Ka3 79. Kc1 Ka2 80. Kc2
b3+ 81. Kd2 b2 82. Ke3 b1=Q 83. Kd4 Qd1+ {White resigns} 0-1

[Event "Team 45 45 League T48"]
[Site "Internet Chess Club"]
[Date "2011.02.19"]
[Round "2"]
[White "rom1"]
[Black "Mymas"]
[Result "1-0"]
[WhiteElo "1532"]
[BlackElo "1392"]
[Opening "QGD: exchange variation"]
[ECO "D35"]
[Time "10:00:45"]
[TimeControl "2700+45"]

1. d4 d5 2. c4 e6 3. Nc3 Nf6 4. cxd5 Nxd5 5. e4 Nb6 6. Nf3 Be7 7. Be2 O-O 8. O-O
N8d7 9. Be3 c5 10. b3 cxd4 11. Bxd4 Bf6 12. Qc2 Bxd4 13. Nxd4 Nf6 14. Rad1 Bd7
15. Ndb5 Qe7 16. Nd6 Bc6 17. f3 Nc8 18. e5 Nxd6 19. Rxd6 Nd5 20. Nxd5 Bxd5 21.
Bd3 f5 22. exf6 Rxf6 23. Qc5 b6 24. Qb4 e5 25. Rxb6 Qxb4 26. Rxb4 a5 27. Rb5 Rd6
28. Re1 Bc6 29. Rb6 Rxd3 30. Rxc6 a4 31. bxa4 Rxa4 32. Re2 Rd1+ 33. Kf2 Ra1 34.
Rcc2 Ra5 35. Kg3 Kf7 36. Red2 Kf6 37. Rc6+ Kf5 38. Rc7 R1xa2 39. Rxa2 Rxa2 40.
Rxg7 h6 41. Rf7+ Kg6 42. Re7 Kf6 43. Re8 Kf5 44. h4 Kf6 45. Kh3 Re2 46. g4 Kf7
47. Rb8 e4 48. Rb7+ Kg6 49. Rb6+ Kg7 50. fxe4 Rxe4 51. Kg3 Re1 52. Rb3 Rg1+ 53.
Kf4 Rf1+ 54. Rf3 Rxf3+ 55. Kxf3 Kg6 56. Kf4 Kf6 57. Ke4 Kg6 58. Ke5 Kg7 59. Ke6
Kg6 60. Ke7 Kg7 61. h5 Kh8 62. Kf6 Kh7 63. Kf7 Kh8 64. Kg6 Kg8 65. Kxh6 Kf7 66.
g5 Kg8 67. g6 Kh8 68. Kg5 Kg7 69. Kf5 Kg8 70. Kf6 Kf8 71. h6 Kg8 72. h7+ Kh8 73.
g7+ Kxh7 74. Kf7 Kh6 75. g8=Q Kh5 76. Kf6 Kh4 77. Kf5 Kh3 78. Kf4 Kh2 79. Kf3
Kh1 80. Kf2 Kh2 81. Qh7# {Black checkmated} 1-0

[Event "Team 45 45 League T48"]
[Site "Internet Chess Club"]
[Date "2011.02.17"]
[Round "2"]
[White "DARKwizard1"]
[Black "Magagna"]
[Result "1/2-1/2"]
[WhiteElo "1958"]
[BlackElo "1872"]
[Opening "Giuoco Piano: four knights variation"]
[ECO "C47"]
[Time "18:06:54"]
[TimeControl "2700+45"]

1. e4 e5 2. Nf3 Nf6 3. Nc3 Nc6 4. Bc4 Bc5 5. O-O O-O 6. d3 d6 7. h3 Be6 8. Bb3
Na5 9. Be3 Bb6 10. Kh2 Nxb3 11. axb3 Qd7 12. Qd2 Nh5 13. Ng1 f5 14. exf5 Bxf5
15. Qe2 Nf6 16. Rae1 c5 17. f4 exf4 18. Bxf4 Rae8 19. Qf3 Bg6 20. Nd5 Nxd5 21.
Qxd5+ Bf7 22. Qxd6 Qxd6 23. Bxd6 Rxe1 24. Rxe1 Re8 25. Rxe8+ Bxe8 26. Nf3 Kf7
27. Bf4 h6 28. Kg3 Ke6 29. Be3 Bc7+ 30. Kf2 b6 31. d4 Bd6 32. dxc5 bxc5 33. Nd2
Kd5 34. g3 Bg6 35. c3 Kc6 36. Bf4 Bxf4 37. gxf4 Bc2 38. Ke3 Bf5 39. h4 Bc2 40.
Nc4 Kd5 41. Na5 Bf5 42. Nc4 Bc2 43. Nd2 Kc6 44. b4 cxb4 45. Kd4 bxc3 46. Kxc3
Bf5 47. Kd4 Kd6 48. Nc4+ Ke6 49. b4 Bg6 50. Ne3 Bh5 51. Ke4 Be2 52. Nc2 Kf6 53.
Nd4 Bc4 54. Nc6 a6 55. Ne5 Be2 56. f5 Bd1 57. Nd7+ Ke7 58. Nc5 Be2 59. Ke5 Kf7
60. Ne4 Bf3 61. Nc5 Be2 62. Ne6 Bd3 63. Nd4 Bc4 64. Ne6 Bd3 65. Nd8+ Ke7 66.
Nc6+ Kf7 67. Kf4 Kf6 68. Nd4 {Game drawn by mutual agreement} 1/2-1/2

[Event "Team 45 45 League T48"]
[Site "Internet Chess Club"]
[Date "2011.02.21"]
[Round "2"]
[White "gerailen0075"]
[Black "kidviper"]
[Result "1-0"]
[WhiteElo "1951"]
[BlackElo "1879"]
[Opening "Sicilian: Canal-Sokolsky attack, 3...Bd7"]
[ECO "B52"]
[Time "18:15:54"]
[TimeControl "2700+45"]

1. e4 c5 2. Nf3 d6 3. Bb5+ Bd7 4. Bxd7+ Nxd7 5. c3 Ngf6 6. Qe2 g6 7. d4 Bg7 8.
e5 dxe5 9. dxe5 Nd5 10. e6 fxe6 11. Qxe6 Nc7 12. Qh3 Nf6 13. Bh6 O-O 14. Nbd2
Qd7 15. Qxd7 Nxd7 16. Bxg7 Kxg7 17. O-O Nf6 18. Nc4 Rad8 19. Rfe1 Rfe8 20. Na5
Rb8 21. Rad1 Ncd5 22. h3 h6 23. Ne5 b6 24. Nac6 Rb7 25. c4 Nf4 26. Nd8 Rc7 27.
g3 Nxh3+ 28. Kg2 Ng5 29. f4 e6 30. fxg5 hxg5 31. Nf3 g4 32. Nxe6+ Rxe6 33. Rxe6
gxf3+ 34. Kxf3 Nh7 35. Red6 Nf6 36. Kf4 Rf7 37. Ke5 Ng4+ 38. Ke6 Rf6+ 39. Ke7
Rf7+ 40. Kd8 Ne5 41. b3 Rf3 42. Kc8 Rxg3 43. Re6 Ng4 44. Rd7+ Kh6 45. Rxa7 Rf3
46. Ra6 Kh5 47. Raxb6 g5 48. a4 Nf2 49. a5 g4 50. Rh6+ Kg5 51. Rbg6+ Kf4 52.
Rf6+ Ke4 53. Rxf3 Kxf3 54. Rg6 g3 55. a6 g2 56. a7 Ng4 57. a8=Q+ Kg3 58. Rxg4+
Kxg4 59. Qxg2+ Kf4 60. Qd5 Ke3 61. Qxc5+ Kd3 62. b4 Kc3 63. b5 Kb3 64. b6 Ka4
65. Qb5+ Ka3 66. b7 Ka2 67. b8=R Ka1 68. Ra8# {Black checkmated} 1-0

[Event "Team 45 45 League T48"]
[Site "Internet Chess Club"]
[Date "2011.02.19"]
[Round "2"]
[White "ferrari9182"]
[Black "TwoEqualsOne"]
[Result "1-0"]
[WhiteElo "1951"]
[BlackElo "1805"]
[Opening "Grünfeld: modern exchange variation"]
[ECO "D85"]
[Time "18:00:43"]
[TimeControl "2700+45"]

1. d4 Nf6 2. c4 g6 3. Nc3 d5 4. cxd5 Nxd5 5. Nf3 Bg7 6. e4 Nxc3 7. bxc3 c5 8.
Bb2 O-O 9. Bc4 cxd4 10. cxd4 Bg4 11. e5 Bxf3 12. Qxf3 Nc6 13. Rd1 Qb6 14. Bb3
Na5 15. O-O Nxb3 16. axb3 Rac8 17. Rc1 e6 18. h3 Bh6 19. Ra1 Rc2 20. Ba3 Rfc8
21. Bc5 Qb5 22. Rxa7 Qc6 23. Rxb7 Qxf3 24. gxf3 Bf4 25. b4 Rb2 26. Rb5 Ra8 27.
Ra5 Rxa5 28. bxa5 Ra2 29. Rb1 h5 30. Rb8+ Kh7 31. Ra8 Rc2 32. a6 {Black resigns}
1-0

[Event "Team 45 45 League T48"]
[Site "Internet Chess Club"]
[Date "2011.02.19"]
[Round "2"]
[White "razavi"]
[Black "Schack"]
[Result "1-0"]
[WhiteElo "2085"]
[BlackElo "1705"]
[Opening "Ruy Lopez: exchange variation, 5.O-O"]
[ECO "C68"]
[Time "13:05:27"]
[TimeControl "2700+45"]

1. e4 e5 2. Nf3 Nc6 3. Bb5 a6 4. Bxc6 dxc6 5. O-O Qf6 6. d4 exd4 7. Bg5 Qd6 8.
Nxd4 Bd7 9. Nc3 Be7 10. f4 O-O-O 11. Bxe7 Nxe7 12. Nb3 Qxd1 13. Raxd1 Ng6 14. e5
Bf5 15. Nd4 Bg4 16. Rd3 c5 17. Nb3 b6 18. Rg3 Bf5 19. Rf2 c4 20. Nd2 Rd4 21. Rg5
Rhd8 22. Rxf5 Rxd2 23. Rxf7 Rxf2 24. Kxf2 Rd7 25. Rxd7 Kxd7 26. Ke3 Nh4 27. g3
Nf5+ 28. Ke4 Ne7 29. Nd5 Nc6 30. f5 a5 31. g4 b5 32. g5 b4 33. f6 gxf6 34. gxf6
Ke6 35. Nxc7+ Kf7 36. Kd5 b3 37. cxb3 Nb4+ 38. Kxc4 Nxa2 39. Kd5 Nb4+ 40. Kd6
Nd3 41. e6+ {Black resigns} 1-0

[Event "Team 45 45 League T48"]
[Site "Internet Chess Club"]
[Date "2011.02.21"]
[Round "2"]
[White "az2112"]
[Black "subterfuge"]
[Result "1-0"]
[WhiteElo "1775"]
[BlackElo "1771"]
[Opening "QGD: Albin counter-gambit, Alapin variation"]
[ECO "D08"]
[Time "22:03:48"]
[TimeControl "2700+45"]

1. d4 d5 2. c4 e5 3. dxe5 d4 4. Nf3 Nc6 5. Nbd2 Bb4 6. a3 Bxd2+ 7. Bxd2 Nge7 8.
Bg5 h6 9. Bxe7 Kxe7 10. e3 dxe3 11. fxe3 Re8 12. Qxd8+ Rxd8 13. Be2 Be6 14. b4
Rd7 15. c5 g5 16. Bb5 Rad8 17. O-O a6 18. Bxc6 bxc6 19. Nd4 Bd5 20. Rf6 h5 21.
Rh6 h4 22. Nf5+ Kf8 23. Rh8# {Black checkmated} 1-0

[Event "Team 45 45 League T48"]
[Site "Internet Chess Club"]
[Date "2011.02.19"]
[Round "2"]
[White "noblitz-oblige"]
[Black "Tamarin"]
[Result "1/2-1/2"]
[WhiteElo "1706"]
[BlackElo "1696"]
[Opening "Giuoco Pianissimo: Italian four knights variation"]
[ECO "C50"]
[Time "19:47:31"]
[TimeControl "2700+45"]

1. e4 e5 2. Nf3 Nc6 3. Bc4 Bc5 4. Nc3 Nf6 5. d3 d6 6. Nd5 Be6 7. c3 Na5 8. Nxf6+
Qxf6 9. Bxe6 fxe6 10. b4 Bxf2+ 11. Kxf2 Nc6 12. Rf1 O-O 13. Kg1 Qe7 14. Ba3 Rf7
15. b5 Nd8 16. Nxe5 Rxf1+ 17. Qxf1 Qg5 18. Nc4 Qxb5 19. Rb1 Qa6 20. Qf3 b5 21.
e5 Rc8 22. exd6 cxd6 23. Nxd6 Qxa3 24. Nxc8 Qc5+ 25. d4 Qxc8 26. Rxb5 Nf7 27.
Rb7 Ng5 28. Qh5 g6 29. Qxg5 Qxb7 30. Qd2 Qb1+ 31. Kf2 Qf5+ 32. Ke1 Qb1+ 33. Kf2
Qf5+ 34. Kg3 h5 35. Qf4 Qd3+ 36. Qf3 Qa6 37. h3 Qxa2 38. Qf6 Kh7 39. Qf7+ Kh6
40. h4 Qd2 41. Qf4+ Qxf4+ 42. Kxf4 a5 43. Ke3 Kg7 44. c4 Kf6 45. Kd3 e5 46. c5
a4 47. c6 e4+ 48. Kxe4 a3 49. c7 a2 50. c8=Q a1=Q 51. Qf8+ Ke6 52. d5+ Kd7 53.
Qf7+ Kd8 54. Qe6 Qe1+ 55. Kf3 Qxe6 56. dxe6 Ke7 57. Kf4 Kxe6 {Game drawn by
mutual agreement} 1/2-1/2

[Event "Team 45 45 League T48"]
[Site "Internet Chess Club"]
[Date "2011.02.22"]
[Round "2"]
[White "clarinetref"]
[Black "Warpdrive"]
[Result "1-0"]
[WhiteElo "1633"]
[BlackElo "1583"]
[Opening "English, 1...Nf6 (Anglo-Indian defense)"]
[ECO "A15"]
[Time "20:03:46"]
[TimeControl "2700+45"]

1. c4 Nf6 2. g3 g6 3. b3 Bg7 4. Bb2 O-O 5. Nc3 c6 6. Bg2 d5 7. d4 Re8 8. Nf3 Be6
9. cxd5 Nxd5 10. e4 Nxc3 11. Bxc3 c5 12. O-O cxd4 13. Bxd4 Nc6 14. Bxg7 Kxg7 15.
Ng5 Qxd1 16. Nxe6+ fxe6 17. Rfxd1 Rad8 18. f4 Nb4 19. e5 b6 20. Be4 Nd5 21. Bxd5
Rxd5 22. Kf2 Red8 23. Ke2 h6 24. Rac1 Rxd1 25. Rxd1 Rxd1 26. Kxd1 g5 27. Ke2
gxf4 28. gxf4 Kg6 29. Kf3 Kf5 30. h3 h5 31. h4 a6 32. a3 Kg6 33. Ke4 Kg7 34. f5
Kh6 35. Kf4 Kg7 36. Kg5 exf5 37. Kxf5 Kf7 38. e6+ Kf8 39. Kg6 Kg8 40. Kxh5 Kg7
41. Kg5 Kh7 42. h5 Kg7 43. Kf5 Kh6 44. Ke5 Kxh5 45. Kd5 Kg6 46. Kc6 Kf6 47. Kd7
b5 48. b4 {Black resigns} 1-0

[Event "Team 45 45 League T48"]
[Site "Internet Chess Club"]
[Date "2011.02.18"]
[Round "2"]
[White "kabindra"]
[Black "VietLion"]
[Result "0-1"]
[WhiteElo "1773"]
[BlackElo "1914"]
[Opening "Sicilian: dragon, Yugoslav attack, 9...Bd7"]
[ECO "B77"]
[Time "17:08:24"]
[TimeControl "2700+45"]

1. e4 c5 2. Nf3 d6 3. d4 cxd4 4. Nxd4 Nf6 5. Nc3 g6 6. f3 Bg7 7. Be3 O-O 8. Qd2
Nc6 9. Bc4 Bd7 10. h4 Rc8 11. g4 Nxd4 12. Qxd4 Nxg4 13. Qxa7 Nxe3 14. Qxe3 Rxc4
15. h5 Qa5 16. hxg6 fxg6 17. Kd2 Rfc8 18. Rh4 Bxc3+ 19. bxc3 Qxc3+ 20. Qxc3 Rxc3
21. Rah1 Rxc2+ 22. Ke3 g5 23. R4h2 R8c3+ 24. Kd4 e5+ {White resigns} 0-1

[Event "Team 45 45 League T48"]
[Site "Internet Chess Club"]
[Date "2011.02.18"]
[Round "2"]
[White "amanileo"]
[Black "loserloser"]
[Result "1-0"]
[WhiteElo "1837"]
[BlackElo "1800"]
[Opening "King's Indian: Smyslov system"]
[ECO "E61"]
[Time "10:30:36"]
[TimeControl "2700+45"]

1. d4 Nf6 2. Nf3 g6 3. c4 Bg7 4. Nc3 d6 5. Bg5 h6 6. Bh4 g5 7. Bg3 Nh5 8. e3 c5
9. d5 Qa5 10. Qc2 Nd7 11. Be2 Nb6 12. Nd2 Nxg3 13. hxg3 Bd7 14. O-O Na4 15. Nxa4
Bxa4 16. Nb3 Qb4 17. Rab1 a6 18. Qd3 b5 19. cxb5 axb5 20. Qd2 Qe4 21. f3 Qe5 22.
f4 Qf5 23. Nxc5 dxc5 24. b3 b4 25. bxa4 Bc3 26. Bb5+ Kd8 27. Qd1 Qe4 28. Qf3
Qxf3 29. Rxf3 g4 30. Rff1 h5 31. Rbd1 h4 32. gxh4 Rxh4 33. Kf2 Kc7 34. Rh1 Rxh1
35. Rxh1 Kd6 36. Rh6+ f6 37. e4 e6 38. dxe6 Kxe6 39. e5 Rf8 40. Rxf6+ Rxf6 41.
exf6 Kd5 42. f7 Bg7 43. Kg3 c4 44. Bxc4+ Kxc4 45. Kxg4 Kd5 46. Kf5 Bf8 47. g4
Kc6 48. g5 Kb6 49. Kf6 {Black resigns} 1-0

[Event "Team 45 45 League T48"]
[Site "Internet Chess Club"]
[Date "2011.02.18"]
[Round "2"]
[White "Muravey"]
[Black "CARLOK"]
[Result "1-0"]
[WhiteElo "1676"]
[BlackElo "1709"]
[Opening "Sicilian defense"]
[ECO "B20"]
[Time "16:00:51"]
[TimeControl "2700+45"]

1. e4 c5 2. Bc4 d6 3. f4 e6 4. Nf3 Nf6 5. e5 dxe5 6. fxe5 Nd5 7. O-O Be7 8. Nc3
O-O 9. Ne4 a6 10. d3 b5 11. Bb3 Nc6 12. c4 Ndb4 13. Bc2 Nxc2 14. Qxc2 Nd4 15.
Qf2 Nxf3+ 16. Qxf3 Qd4+ 17. Kh1 Qxe5 18. Nxc5 Ra7 19. Ne4 Bb7 20. cxb5 axb5 21.
Be3 Raa8 22. Bd2 f5 23. Bc3 Qc7 24. Qg3 Qxg3 25. Nxg3 Bd6 26. Nh5 e5 27. d4 g6
28. dxe5 Bc7 29. Nf6+ Kf7 30. Nxh7 Rfe8 31. Ng5+ Kg8 32. e6 Bd5 33. Rae1 Rxa2
34. Re3 Bd8 35. Rh3 Kf8 36. Rh8+ Ke7 37. Bb4+ Kf6 38. Rxe8 Kxg5 39. Rxd8 Bxe6
40. Be7+ Kh6 41. Bf6 g5 42. h4 gxh4 43. Rd6 Bc4 44. Bxh4+ Kh5 45. Rxf5+ Kxh4 46.
Rd4+ Kg3 47. Rf3# {Black checkmated} 1-0

[Event "Team 45 45 League T48"]
[Site "Internet Chess Club"]
[Date "2011.02.21"]
[Round "2"]
[White "RD1974"]
[Black "CheeryCherry"]
[Result "1-0"]
[WhiteElo "1710"]
[BlackElo "1427"]
[Opening "Réti: King's Indian attack, French variation"]
[ECO "A07"]
[Time "17:02:51"]
[TimeControl "2700+45"]

1. Nf3 d5 2. g3 e6 3. Bg2 c5 4. O-O Nf6 5. d3 Nc6 6. Nbd2 Be7 7. Re1 O-O 8. e4
d4 9. e5 Nd7 10. Qe2 Qc7 11. a4 b6 12. Nc4 Bb7 13. Bf4 Rfd8 14. Nd6 Nb4 15. Nxb7
Qxb7 16. Nxd4 Qc7 17. Nb5 Qb8 18. Bxa8 Qxa8 19. Nd6 Bxd6 20. exd6 Qd5 21. a5 Qb7
22. axb6 axb6 23. g4 Nd5 24. Bg3 N5f6 25. Red1 Qc6 26. Ra7 Qd5 27. c4 Qd4 28. h3
e5 29. Re1 Qxd6 30. Bxe5 Nxe5 31. Qxe5 Qxd3 32. Qc7 Rf8 33. Kg2 Qxc4 34. Qe5 h6
35. Rb7 b5 36. Rc7 Nd5 37. Re4 Qb3 38. Rxc5 Rd8 39. Rd4 f6 40. Qe6+ Kh7 41.
Rcxd5 Rxd5 42. Qxd5 Qxb2 43. Qf5+ Kg8 44. Rd8+ Kf7 45. Qd5+ {Black resigns} 1-0

[Event "Team 45 45 League T48"]
[Site "Internet Chess Club"]
[Date "2011.02.20"]
[Round "2"]
[White "mickeys"]
[Black "chessateer"]
[Result "1/2-1/2"]
[WhiteElo "1964"]
[BlackElo "1876"]
[Opening "King's Indian, 3.Nf3"]
[ECO "E61"]
[Time "10:00:32"]
[TimeControl "2700+45"]

1. d4 Nf6 2. Nf3 g6 3. c4 Bg7 4. Nc3 d6 5. Bf4 O-O 6. e4 Nbd7 7. Bd3 c5 8. d5
Qb6 9. Rb1 Ng4 10. Na4 Qa5+ 11. Bd2 Qc7 12. Bc3 Nge5 13. Nxe5 Nxe5 14. O-O Bd7
15. Be2 a6 16. f4 Nxc4 17. Bxc4 b5 18. Bxg7 Kxg7 19. Bb3 bxa4 20. Bxa4 Bb5 21.
Rf3 Qa5 22. Ra3 Qb4 23. Bc2 Rfc8 24. Re3 Rab8 25. Qe1 Qd4 26. Qc3 e6 27. dxe6
Qxc3 28. Rxc3 fxe6 29. Rd1 Rd8 30. Bb3 Kf6 31. Rxd6 Rxd6 32. e5+ Ke7 33. exd6+
Kxd6 34. Re3 Re8 35. Re5 Bc6 36. Bc4 Bb5 37. Bb3 Re7 38. Kf2 Bc6 39. Re2 e5 40.
fxe5+ Rxe5 41. Rxe5 Kxe5 42. g3 g5 43. Ke3 Bd5 44. Bxd5 Kxd5 45. g4 {Game drawn
by mutual agreement} 1/2-1/2

[Event "Team 45 45 League T48"]
[Site "Internet Chess Club"]
[Date "2011.02.22"]
[Round "2"]
[White "fishhead"]
[Black "cknights"]
[Result "1-0"]
[WhiteElo "1792"]
[BlackElo "1878"]
[Opening "Sicilian: Najdorf, 7...Be7 main line"]
[ECO "B99"]
[Time "11:56:23"]
[TimeControl "2700+45"]

1. e4 c5 2. Nf3 d6 3. d4 cxd4 4. Nxd4 Nf6 5. Nc3 a6 6. Bg5 e6 7. f4 Be7 8. Qf3
Nbd7 9. O-O-O Qc7 10. Bd3 b5 11. Rhe1 Bb7 12. Qg3 Rc8 13. e5 Nh5 14. Qh4 Bxg5
15. Qxg5 g6 16. Nxe6 fxe6 17. exd6 Qd8 18. Rxe6+ Kf8 19. Re7 Rg8 20. Qh6+ Ng7
21. Qxh7 Qxe7 22. dxe7+ Kxe7 23. Bxg6 Bc6 24. Qh4+ Ke6 25. Qe1+ Kf6 26. Rd6+ Ne6
27. Qxe6+ Kg7 28. Qf7+ Kh6 29. Qh7# {Black checkmated} 1-0

[Event "Team 45 45 League T48"]
[Site "Internet Chess Club"]
[Date "2011.02.17"]
[Round "2"]
[White "LazyPeon"]
[Black "OxidisedLizard"]
[Result "0-1"]
[WhiteElo "1734"]
[BlackElo "1892"]
[Opening "King's Indian: orthodox, Aronin-Taimanov, 9.Ne1"]
[ECO "E98"]
[Time "08:30:21"]
[TimeControl "2700+45"]

1. d4 Nf6 2. c4 g6 3. Nc3 Bg7 4. e4 d6 5. Be2 O-O 6. Nf3 e5 7. O-O Nc6 8. d5 Ne7
9. Ne1 Nd7 10. Nd3 f5 11. Bd2 Nf6 12. f3 f4 13. Rc1 g5 14. c5 Ng6 15. cxd6 cxd6
16. Nb5 Rf7 17. Qc2 Ne8 18. b3 h5 19. Nb2 g4 20. Be1 Qg5 21. Nc4 g3 22. Ncxd6
Qh4 23. hxg3 fxg3 24. Bxg3 Qxg3 25. Nxc8 Nf4 26. Bd3 Rxc8 27. Qd2 Rxc1 28. Rxc1
Nh3+ 29. Kh1 Nf2+ 30. Kg1 Rxf3 31. Bc4 Ng4 {White resigns} 0-1

[Event "Team 45 45 League T48"]
[Site "Internet Chess Club"]
[Date "2011.02.18"]
[Round "2"]
[White "kwameh72"]
[Black "cosen"]
[Result "1/2-1/2"]
[WhiteElo "1678"]
[BlackElo "1716"]
[Opening "Queen's pawn"]
[ECO "A40"]
[Time "21:00:30"]
[TimeControl "2700+45"]

1. d4 c6 2. Nf3 d5 3. Bf4 Nf6 4. e3 Bg4 5. Nbd2 e6 6. Bd3 Bd6 7. Bg3 Qe7 8. c3
Nbd7 9. Qa4 O-O 10. Ne5 Bh5 11. Qc2 Bg6 12. Nxg6 hxg6 13. O-O e5 14. dxe5 Nxe5
15. Be2 Rad8 16. e4 Qc7 17. h3 Rfe8 18. f4 Nc4 19. Nxc4 Bc5+ 20. Kh1 dxc4 21.
Bf3 Qb6 22. Rad1 Rxd1 23. Rxd1 Rd8 24. Qe2 Rxd1+ 25. Qxd1 Qxb2 26. e5 Nh5 27.
Bh2 Qxc3 28. g4 Qb2 29. gxh5 Qxa2 30. hxg6 fxg6 31. Qd8+ Kh7 32. Qh4+ Kg8 33.
Qd8+ Kh7 {Game drawn by mutual agreement} 1/2-1/2